Mulligans vs Punishers
Created - December 8, 2019 at 21:40
Goals
|
Mulligans |
2 |
1 |
1 |
0 |
4 |
Punishers |
0 |
3 |
1 |
1 |
5 |
|
Shots
|
Mulligans |
15 |
8 |
12 |
0 |
35 |
Punishers |
7 |
12 |
12 |
1 |
32 |
|
1st period
1. Mulligans , Cody Goloubef 7 (Logan Shaw 11, Sven Baertschi 5) at 15:42 (PP)
2. Mulligans , Logan Shaw 8 (Matt Beleskey 12, Maxime Macenauer 5) at 19:43
Penalties :
Garret Ross (Pro) for Hooking (Minor) at 15:06, Dalton Thrower (Rep) for Hooking (Minor) at 17:33
2nd period
3. Mulligans , Jonathan Ferland 8 (Eric Tangradi 10, Anton Lander 24) at 7:28 (PP)
4. Punishers , Radek Faksa 3 (Carter Ashton 7, Tyler Bertuzzi 6) at 10:18
5. Punishers , Adam Pelech 2 (Slava Voynov 14) at 10:29
6. Punishers , Garret Ross 6 (Miikka Salomaki 15, Adam Pelech 6) at 10:38
Penalties :
Tyler Bertuzzi (Pro) for Holding (Minor) at 7:24, Daniel Audette (Pro) for Hooking (Minor) at 11:58
3rd period
7. Punishers , John Quenneville 4 (Adam Pelech 7, Slava Voynov 15) at 5:04
8. Mulligans , Maxime Macenauer 8 (Matt Beleskey 13, Robby Fabbri 5) at 15:07
Penalties :
Michael Joly (Pro) for Interference (Minor) at 12:54
Overtime #1
9. Punishers , Carter Ashton 9 (Adam Pelech 8) at 0:44
Penalties :
No Penalty
Goalie Stats
Juuse Saros (Rep), 27 saves from 32 shots - (0.844), OTL, 2-0-1, 60:44 minutes
Louis Domingue (Pro), 31 saves from 35 shots - (0.886), W, 11-4-2, 60:44 minutes
Players Stats for Mulligans
Player Name G A P +/- PIM S H SB GA TA FO MP PP MP PK MP
------------------------------------------------------------------------------------
Anton Lander 0 1 1 -2 0 2 0 0 0 0 17/28 22:31 2:35 1:00
Ben Hutton 0 0 0 -1 0 0 1 0 0 0 0/0 19:18 1:43 0:46
Cade Fairchild 0 0 0 -1 0 1 2 1 1 0 0/0 19:08 1:43 0:46
Cody Goloubef 1 0 1 -2 0 2 1 2 1 1 0/0 29:46 2:55 1:13
Dalton Thrower 0 0 0 0 2 0 0 2 0 0 0/0 6:47 0:00 0:00
Darren Dietz 0 0 0 0 0 0 0 1 0 1 0/0 11:40 0:00 0:00
Drayson Bowman 0 0 0 0 0 1 1 1 0 0 0/0 7:33 0:00 0:00
Eric Tangradi 0 1 1 -2 0 7 0 1 1 0 1/2 22:02 2:35 0:30
Jonathan Ferland 1 0 1 -2 0 3 0 0 0 0 2/2 21:53 2:35 1:00
Joonas Donskoi 0 0 0 -1 0 1 0 2 1 0 1/2 13:27 0:00 0:00
Logan Shaw 1 1 2 0 0 5 2 0 0 2 0/0 16:13 2:03 0:00
Matt Beleskey 0 2 2 2 0 2 1 0 0 1 1/1 14:46 0:00 0:29
Maxime Macenauer 1 1 2 1 0 3 0 0 0 0 6/12 14:54 0:00 0:30
Michael Sdao 0 0 0 -2 0 3 2 1 0 0 0/0 26:34 2:55 1:13
Robbie Russo 0 0 0 0 0 0 0 1 0 2 0/0 8:15 0:00 0:00
Robby Fabbri 0 1 1 0 0 1 1 0 0 0 1/1 7:33 0:00 0:00
Sam Bennett 0 0 0 -2 0 0 1 0 0 1 0/5 15:17 2:03 0:00
Sven Baertschi 0 1 1 -2 0 4 1 3 0 2 0/1 15:46 2:03 0:29
Valeri Nichushkin 0 0 0 0 0 0 0 0 0 0 0/0 7:33 0:00 0:00
Players Stats for Punishers
Player Name G A P +/- PIM S H SB GA TA FO MP PP MP PK MP
------------------------------------------------------------------------------------
Adam Pelech 1 3 4 3 0 2 2 2 2 1 0/0 29:10 1:21 2:28
Alex Schoenborn 0 0 0 -1 0 0 0 0 0 0 0/1 0:27 0:16 0:00
Andreas Athanasiou 0 0 0 2 0 0 1 0 0 0 10/23 20:38 0:49 2:33
Austen Brassard 0 0 0 1 0 0 1 0 0 0 0/0 14:23 0:00 0:00
Ben Betker 0 0 0 -1 0 0 0 1 0 0 0/0 14:32 0:00 0:19
Carter Ashton 1 1 2 1 0 3 3 2 1 1 0/0 16:50 1:05 0:55
Daniel Audette 0 0 0 0 2 0 2 0 0 0 1/1 7:26 0:00 0:00
Dylan DeMelo 0 0 0 0 0 0 0 3 0 0 0/0 13:59 0:00 0:00
Garret Ross 1 0 1 2 2 5 2 0 1 0 0/2 18:39 0:49 0:55
John Macfarland 0 0 0 0 0 0 0 0 0 0 0/0 8:37 0:00 1:10
John Quenneville 1 0 1 1 0 3 2 0 0 0 4/5 15:22 0:00 0:59
Jordan Schmaltz 0 0 0 0 0 3 2 1 2 1 0/0 17:22 0:38 1:57
Madison Bowey 0 0 0 0 0 2 0 1 0 0 0/0 17:22 0:38 1:57
Michael Joly 0 0 0 -2 2 0 1 0 0 0 0/0 7:49 0:05 0:00
Miikka Salomaki 0 1 1 2 0 5 0 0 0 0 2/6 20:38 0:49 2:33
Nikita Gusev 0 0 0 0 0 4 1 0 2 0 0/0 14:39 0:05 0:00
Radek Faksa 1 0 1 1 0 2 2 1 1 0 8/16 15:54 1:05 0:11
Slava Voynov 0 2 2 4 0 0 1 0 1 1 0/0 29:03 1:21 2:35
Tyler Bertuzzi 0 1 1 1 2 3 1 1 0 0 0/0 15:24 0:54 0:00
3 Stars
1 - Adam Pelech (Pro)
2 - Carter Ashton (Pro)
3 - Slava Voynov (Pro)
Power Play
Mulligans - 2 on 4 Attempt(s) - 50.00%
Punishers - 0 on 1 Attempt(s) - 0.00%
Penalty Kill
Mulligans - 1 on 1 Attempt(s) - 100.00%
- Score 0 goal in Penalty Kill
Punishers - 2 on 4 Attempt(s) - 50.00%
- Score 0 goal in Penalty Kill
Team Stat
Mulligans - Hits : 13 - Faceoff Wins : 29 - Blocked Shots : 15 - Penalty Minutes : 2
Punishers - Hits : 21 - Faceoff Wins : 25 - Blocked Shots : 12 - Penalty Minutes : 8
Official
Referees : Unknown
Linesman : Unknown
Game Notes
Dalton Thrower is injured at 16:22 of 2nd period (Strained Right Knee)
Finance
Level 1 -- Attendance: 1589 (79.45%) -- Ticket Income $63,560
Level 2 -- Attendance: 694 (69.40%) -- Ticket Income $13,880
Total Attendance: 2283 (76.10%)
Total Ticket Income: $77,440
Other Income: $3,872
Total Income: $81,312
Mulligans
5 vs 5 Forward
Center Left Wing Right Wing Time % Phy DF OF
1 Anton Lander Eric Tangradi Jonathan Ferland 40 0 2 3
2 Maxime Macenauer Matt Beleskey Logan Shaw 30 0 2 3
3 Sam Bennett Sven Baertschi Joonas Donskoi 20 0 2 3
4 Robby Fabbri Drayson Bowman Valeri Nichushkin 10 0 2 3
5 vs 5 Defense
Defense Defense Time % Phy DF OF
1 Cody Goloubef Michael Sdao 40 0 3 2
2 Ben Hutton Cade Fairchild 30 0 3 2
3 Darren Dietz Dalton Thrower 20 0 3 2
4 Robbie Russo Cody Goloubef 10 0 3 2
PowerPlay Forward
Center Left Wing Right Wing Time % Phy DF OF
1 Anton Lander Eric Tangradi Jonathan Ferland 60 0 1 4
2 Sam Bennett Sven Baertschi Logan Shaw 40 0 1 4
PowerPlay Defense
Defense Defense Time % Phy DF OF
1 Cody Goloubef Michael Sdao 60 0 2 3
2 Ben Hutton Cade Fairchild 40 0 2 3
Penalty Kill 4 Players Forward
Center Wing Time % Phy DF OF
1 Anton Lander Jonathan Ferland 60 1 3 1
2 Maxime Macenauer Eric Tangradi 40 1 3 1
Penalty Kill 4 Players Defense
Defense Defense Time % Phy DF OF
1 Cody Goloubef Michael Sdao 60 1 4 0
2 Ben Hutton Cade Fairchild 40 1 4 0
Penalty Kill - 3 Players Forward
Forward Time % Phy DF OF
1 Eric Tangradi 60 1 2 2
2 Jonathan Ferland 40 1 2 2
Penalty Kill - 3 Players Defense
Defense Defense Time % Phy DF OF
1 Cody Goloubef Michael Sdao 60 1 2 2
2 Ben Hutton Cade Fairchild 40 1 2 2
4 vs 4 Forward
Center Wing Time % Phy DF OF
1 Anton Lander Eric Tangradi 60 1 2 2
2 Maxime Macenauer Logan Shaw 40 1 2 2
4 vs 4 Defense
Defense Defense Time % Phy DF OF
1 Cody Goloubef Michael Sdao 60 1 2 2
2 Ben Hutton Cade Fairchild 40 1 2 2
Last Minutes Offensive
Center Left Wing Right Wing Defense Defense
Anton Lander Eric Tangradi Jonathan Ferland Cody Goloubef Michael Sdao
Last Minutes Defensive
Center Left Wing Right Wing Defense Defense
Anton Lander Eric Tangradi Jonathan Ferland Cody Goloubef Michael Sdao
Goaltenders
Starting : Juuse Saros
Backup : Calvin Pickard
Extra Forwards
Normal : Sven Baertschi, Sam Bennett, Joonas Donskoi - PP : Sven Baertschi, Sam Bennett - PK : Matt Beleskey
Extra Defensemen
Normal : Darren Dietz, Dalton Thrower, Robbie Russo - PP : Darren Dietz - PK : Dalton Thrower, Robbie Russo
Penalty Shots
Anton Lander, Jonathan Ferland, Matt Beleskey, Maxime Macenauer, Drayson Bowman
Scratches
Reid Boucher (Healthy), Nick Moutrey (Healthy), John Hayden (Healthy), Jonny Brodzinski (Healthy), Cristiano Digiacinto (Healthy)
Punishers
5 vs 5 Forward
Center Left Wing Right Wing Time % Phy DF OF
1 Andreas Athanasiou Garret Ross Miikka Salomaki 40 1 2 2
2 Radek Faksa Tyler Bertuzzi Carter Ashton 30 1 2 2
3 John Quenneville Nikita Gusev Austen Brassard 20 1 2 2
4 Daniel Audette John Macfarland Michael Joly 10 1 2 2
5 vs 5 Defense
Defense Defense Time % Phy DF OF
1 Slava Voynov Adam Pelech 40 1 2 2
2 Jordan Schmaltz Madison Bowey 30 1 2 2
3 Dylan DeMelo Ben Betker 20 1 2 2
4 Slava Voynov Adam Pelech 10 1 2 2
PowerPlay Forward
Center Left Wing Right Wing Time % Phy DF OF
1 Andreas Athanasiou Garret Ross Miikka Salomaki 60 1 2 2
2 Radek Faksa Tyler Bertuzzi Carter Ashton 40 1 2 2
PowerPlay Defense
Defense Defense Time % Phy DF OF
1 Slava Voynov Adam Pelech 60 1 2 2
2 Jordan Schmaltz Madison Bowey 40 1 2 2
Penalty Kill 4 Players Forward
Center Wing Time % Phy DF OF
1 Miikka Salomaki Andreas Athanasiou 60 1 2 2
2 Garret Ross Carter Ashton 40 1 2 2
Penalty Kill 4 Players Defense
Defense Defense Time % Phy DF OF
1 Slava Voynov Adam Pelech 60 1 2 2
2 Jordan Schmaltz Madison Bowey 40 1 2 2
Penalty Kill - 3 Players Forward
Forward Time % Phy DF OF
1 Miikka Salomaki 60 1 2 2
2 Andreas Athanasiou 40 1 2 2
Penalty Kill - 3 Players Defense
Defense Defense Time % Phy DF OF
1 Slava Voynov Adam Pelech 60 1 2 2
2 Jordan Schmaltz Madison Bowey 40 1 2 2
4 vs 4 Forward
Center Wing Time % Phy DF OF
1 Miikka Salomaki Andreas Athanasiou 60 1 2 2
2 Garret Ross Carter Ashton 40 1 2 2
4 vs 4 Defense
Defense Defense Time % Phy DF OF
1 Slava Voynov Adam Pelech 60 1 2 2
2 Jordan Schmaltz Madison Bowey 40 1 2 2
Last Minutes Offensive
Center Left Wing Right Wing Defense Defense
Andreas Athanasiou Garret Ross Miikka Salomaki Slava Voynov Adam Pelech
Last Minutes Defensive
Center Left Wing Right Wing Defense Defense
Andreas Athanasiou Garret Ross Miikka Salomaki Slava Voynov Adam Pelech
Goaltenders
Starting : Louis Domingue
Backup : Daniel Altshuller
Extra Forwards
Normal : Alex Schoenborn, Nikita Gusev, John Quenneville - PP : Alex Schoenborn, Nikita Gusev - PK : John Quenneville
Extra Defensemen
Normal : Dylan DeMelo, Ben Betker, Jordan Schmaltz - PP : Dylan DeMelo - PK : Ben Betker, Jordan Schmaltz
Penalty Shots
Miikka Salomaki, Andreas Athanasiou, Garret Ross, Carter Ashton, Radek Faksa
Scratches
Robbie Earl (Sprained Left Ankle Injury), Zack Hamill (Healthy)
% Time on Ice - Mulligans
Lines # - Real PCT - Wanted PCT - Time Play
Normal Forward
1 - 34% - 40% - 18:18
2 - 27% - 30% - 14:29
3 - 24% - 20% - 13:03
4 - 14% - 10% - 7:33
Normal Defense
1 - 41% - 40% - 21:59
2 - 31% - 30% - 16:22
3 - 22% - 20% - 11:40
4 - 6% - 10% - 3:22
PP Forward
1 - 56% - 60% - 2:35
2 - 44% - 40% - 2:03
PP Defense
1 - 63% - 60% - 2:55
2 - 37% - 40% - 1:43
PK Forward
1 - 75% - 60% - 1:29
2 - 25% - 40% - 0:30
PK Defense
1 - 61% - 60% - 1:13
2 - 39% - 40% - 0:46
PK3 Forward
1 - 0% - 60%
2 - 0% - 40%
PK3 Defense
1 - 0% - 60%
2 - 0% - 40%
44 Forward
1 - 86% - 60% - 0:38
2 - 14% - 40% - 0:06
44 Defense
1 - 61% - 60% - 0:27
2 - 39% - 40% - 0:17
Last Minute Offensive - 0:00
Last Minute Defensive - 0:00
Total
Forward - 60:44
Defense - 60:44
|
% Time on Ice - Punishers
Lines # - Real PCT - Wanted PCT - Time Play
Normal Forward
1 - 32% - 40% - 16:55
2 - 28% - 30% - 14:45
3 - 27% - 20% - 14:23
4 - 14% - 10% - 7:20
Normal Defense
1 - 40% - 40% - 21:27
2 - 28% - 30% - 14:47
3 - 26% - 20% - 13:59
4 - 6% - 10% - 3:10
PP Forward
1 - 45% - 60% - 0:54
2 - 55% - 40% - 1:05
PP Defense
1 - 68% - 60% - 1:21
2 - 32% - 40% - 0:38
PK Forward
1 - 80% - 60% - 3:43
2 - 20% - 40% - 0:55
PK Defense
1 - 58% - 60% - 2:41
2 - 42% - 40% - 1:57
PK3 Forward
1 - 0% - 60%
2 - 0% - 40%
PK3 Defense
1 - 0% - 60%
2 - 0% - 40%
44 Forward
1 - 89% - 60% - 0:39
2 - 11% - 40% - 0:05
44 Defense
1 - 100% - 60% - 0:44
2 - 0% - 40% - 0:00
Last Minute Offensive - 0:00
Last Minute Defensive - 0:00
Total
Forward - 60:44
Defense - 60:44
|
Play-by-Play
1st period
0:01 of 1st period - Andreas Athanasiou wins face-off versus Anton Lander in neutral zone.
0:49 of 1st period - Slapshot by Sven Baertschi.
0:49 of 1st period - Stopped by Louis Domingue without a rebound.
0:50 of 1st period - John Quenneville wins face-off versus Sam Bennett in Punishers zone.
1:05 of 1st period - Snap shot by John Quenneville.
1:05 of 1st period - Shot Blocked by Sven Baertschi.
1:39 of 1st period - Slapshot by John Macfarland.
1:39 of 1st period - Shot Misses the Net.
3:46 of 1st period - Michael Sdao is hit by Nikita Gusev.
4:00 of 1st period - Snap shot by Logan Shaw.
4:00 of 1st period - Stopped by Louis Domingue with a rebound.
4:20 of 1st period - Snap shot by Valeri Nichushkin.
4:20 of 1st period - Shot Misses the Net.
4:50 of 1st period - Cody Goloubef is hit by Carter Ashton and loses puck.
5:50 of 1st period - Wrist shot by Robby Fabbri.
5:50 of 1st period - Stopped by Louis Domingue without a rebound.
5:51 of 1st period - Anton Lander wins face-off versus Andreas Athanasiou in Punishers zone.
6:22 of 1st period - Snap shot by Radek Faksa.
6:22 of 1st period - Shot Misses the Net.
6:30 of 1st period - Slapshot by Matt Beleskey.
6:30 of 1st period - Stopped by Louis Domingue without a rebound.
6:31 of 1st period - Joonas Donskoi wins face-off versus Radek Faksa in Punishers zone.
6:32 of 1st period - Snap shot by Sven Baertschi.
6:32 of 1st period - Stopped by Louis Domingue without a rebound.
6:33 of 1st period - Radek Faksa wins face-off versus Sam Bennett in Punishers zone.
6:46 of 1st period - Slapshot by Radek Faksa.
6:46 of 1st period - Shot Blocked by Joonas Donskoi.
6:48 of 1st period - Wrist shot by Jordan Schmaltz.
6:48 of 1st period - Stopped by Juuse Saros with a rebound.
6:58 of 1st period - Darren Dietz is hit by Austen Brassard and loses puck.
7:51 of 1st period - Wrist shot by Matt Beleskey.
7:51 of 1st period - Stopped by Louis Domingue with a rebound.
8:15 of 1st period - Snap shot by Drayson Bowman.
8:15 of 1st period - Shot Misses the Net.
9:02 of 1st period - Wrist shot by Sven Baertschi.
9:02 of 1st period - Stopped by Louis Domingue without a rebound.
9:03 of 1st period - Radek Faksa wins face-off versus Sven Baertschi in Punishers zone.
9:48 of 1st period - Off-side.
9:49 of 1st period - Daniel Audette wins face-off versus Maxime Macenauer in neutral zone.
10:11 of 1st period - Snap shot by Logan Shaw.
10:11 of 1st period - Stopped by Louis Domingue without a rebound.
10:12 of 1st period - Anton Lander wins face-off versus Andreas Athanasiou in Punishers zone.
10:27 of 1st period - Wrist shot by Eric Tangradi.
10:27 of 1st period - Shot Misses the Net.
10:48 of 1st period - Snap shot by Tyler Bertuzzi.
10:48 of 1st period - Stopped by Juuse Saros with a rebound.
11:24 of 1st period - Snap shot by John Quenneville.
11:24 of 1st period - Stopped by Juuse Saros with a rebound.
11:26 of 1st period - Slapshot by Adam Pelech.
11:26 of 1st period - Shot Blocked by Cody Goloubef.
11:34 of 1st period - Snap shot by Nikita Gusev.
11:34 of 1st period - Stopped by Juuse Saros with a rebound.
12:03 of 1st period - Snap shot by Carter Ashton.
12:03 of 1st period - Stopped by Juuse Saros without a rebound.
12:04 of 1st period - Radek Faksa wins face-off versus Anton Lander in Mulligans zone.
12:15 of 1st period - Snap shot by Eric Tangradi.
12:15 of 1st period - Stopped by Louis Domingue with a rebound.
12:29 of 1st period - Ben Hutton is hit by Garret Ross and loses puck.
12:58 of 1st period - Snap shot by Joonas Donskoi.
12:58 of 1st period - Stopped by Louis Domingue with a rebound.
13:57 of 1st period - Snap shot by Miikka Salomaki.
13:57 of 1st period - Shot Misses the Net.
13:59 of 1st period - Slapshot by Ben Betker.
13:59 of 1st period - Shot Blocked by Cade Fairchild.
14:01 of 1st period - Wrist shot by Andreas Athanasiou.
14:01 of 1st period - Shot Misses the Net.
14:03 of 1st period - Backhand shot by Miikka Salomaki.
14:03 of 1st period - Stopped by Juuse Saros with a rebound.
14:59 of 1st period - Snap shot by Jonathan Ferland.
14:59 of 1st period - Shot Misses the Net.
15:01 of 1st period - Wrist shot by Eric Tangradi.
15:01 of 1st period - Stopped by Louis Domingue without a rebound.
15:02 of 1st period - Anton Lander wins face-off versus Andreas Athanasiou in Punishers zone.
15:06 of 1st period - Minor Penalty to Garret Ross for Hooking.
15:07 of 1st period - Anton Lander wins face-off versus Miikka Salomaki in Punishers zone.
15:40 of 1st period - Snap shot by Cody Goloubef.
15:40 of 1st period - Shot Misses the Net.
15:42 of 1st period - Slapshot by Cody Goloubef.
15:42 of 1st period - Goal by Cody Goloubef - Mulligans : 1 - Punishers : 0.
15:43 of 1st period - Anton Lander wins face-off versus Radek Faksa in neutral zone.
15:46 of 1st period - Wrist shot by Eric Tangradi.
15:46 of 1st period - Shot Blocked by Tyler Bertuzzi.
15:52 of 1st period - Snap shot by Anton Lander.
15:52 of 1st period - Stopped by Louis Domingue with a rebound.
16:33 of 1st period - Andreas Athanasiou is hit by Matt Beleskey and loses puck.
17:22 of 1st period - Slapshot by Robby Fabbri.
17:22 of 1st period - Deflect By Valeri Nichushkin.
17:22 of 1st period - Shot Misses the Net.
17:22 of 1st period - Puck is out of play.
17:23 of 1st period - Robby Fabbri wins face-off versus Radek Faksa in Punishers zone.
17:33 of 1st period - Minor Penalty to Dalton Thrower for Hooking.
17:34 of 1st period - Anton Lander wins face-off versus Radek Faksa in Mulligans zone.
18:14 of 1st period - Jordan Schmaltz is hit by Cade Fairchild and loses puck.
18:21 of 1st period - Maxime Macenauer is hit by Radek Faksa and loses puck.
19:33 of 1st period - Penalty to Dalton Thrower is over, Dalton Thrower is back on ice.
19:33 of 1st period - Slapshot by Jordan Schmaltz.
19:33 of 1st period - Stopped by Juuse Saros without a rebound.
19:34 of 1st period - Maxime Macenauer wins face-off versus Alex Schoenborn in Mulligans zone.
19:39 of 1st period - Wrist shot by Matt Beleskey.
19:39 of 1st period - Shot Misses the Net.
19:41 of 1st period - Slapshot by Logan Shaw.
19:41 of 1st period - Stopped by Louis Domingue with a rebound.
19:43 of 1st period - Wrist shot by Logan Shaw.
19:43 of 1st period - Goal by Logan Shaw - Mulligans : 2 - Punishers : 0.
19:44 of 1st period - Anton Lander wins face-off versus Andreas Athanasiou in neutral zone.
Goals for this period are 2 for Mulligans vs 0 for Punishers.
Shots for this period are 15 for Mulligans vs 7 for Punishers.
2nd period
0:01 of 2nd period - Andreas Athanasiou wins face-off versus Eric Tangradi in neutral zone.
0:33 of 2nd period - Snap shot by Tyler Bertuzzi.
0:33 of 2nd period - Stopped by Juuse Saros with a rebound.
0:35 of 2nd period - Slapshot by Jordan Schmaltz.
0:35 of 2nd period - Deflect By Tyler Bertuzzi.
0:35 of 2nd period - Stopped by Juuse Saros with a rebound.
0:53 of 2nd period - Snap shot by John Quenneville.
0:53 of 2nd period - Shot Misses the Net.
0:55 of 2nd period - Slapshot by Ben Betker.
0:55 of 2nd period - Shot Blocked by Sven Baertschi.
1:10 of 2nd period - Drayson Bowman is hit by Daniel Audette and loses puck.
1:42 of 2nd period - Icing by Eric Tangradi.
1:43 of 2nd period - Radek Faksa wins face-off versus Maxime Macenauer in Mulligans zone.
1:44 of 2nd period - Wrist shot by Tyler Bertuzzi.
1:44 of 2nd period - Shot Blocked by Dalton Thrower.
1:52 of 2nd period - Tyler Bertuzzi is hit by Logan Shaw and loses puck.
2:09 of 2nd period - Slapshot by Adam Pelech.
2:09 of 2nd period - Stopped by Juuse Saros with a rebound.
3:15 of 2nd period - Drayson Bowman is hit by Tyler Bertuzzi and loses puck.
3:32 of 2nd period - Tyler Bertuzzi is hit by Robby Fabbri and loses puck.
3:45 of 2nd period - Wrist shot by Radek Faksa.
3:45 of 2nd period - Stopped by Juuse Saros without a rebound.
3:46 of 2nd period - Anton Lander wins face-off versus Miikka Salomaki in Mulligans zone.
3:57 of 2nd period - Snap shot by Anton Lander.
3:57 of 2nd period - Shot Blocked by Madison Bowey.
4:47 of 2nd period - Michael Joly is hit by Cade Fairchild.
5:01 of 2nd period - Carter Ashton is hit by Cody Goloubef and loses puck.
5:24 of 2nd period - Wrist shot by Miikka Salomaki.
5:24 of 2nd period - Stopped by Juuse Saros with a rebound.
5:26 of 2nd period - Wrist shot by Madison Bowey.
5:26 of 2nd period - Shot Blocked by Drayson Bowman.
5:28 of 2nd period - Snap shot by Miikka Salomaki.
5:28 of 2nd period - Stopped by Juuse Saros without a rebound.
5:29 of 2nd period - John Quenneville wins face-off versus Anton Lander in Mulligans zone.
6:17 of 2nd period - Snap shot by Logan Shaw.
6:17 of 2nd period - Deflect By Radek Faksa.
6:17 of 2nd period - Shot Blocked by Carter Ashton.
6:17 of 2nd period - Puck is out of play.
6:18 of 2nd period - Radek Faksa wins face-off versus Joonas Donskoi in Punishers zone.
6:31 of 2nd period - Wrist shot by Carter Ashton.
6:31 of 2nd period - Deflect By Radek Faksa.
6:31 of 2nd period - Shot Blocked by Joonas Donskoi.
6:31 of 2nd period - Puck is out of play.
6:32 of 2nd period - Andreas Athanasiou wins face-off versus Anton Lander in Mulligans zone.
6:43 of 2nd period - Slapshot by Eric Tangradi.
6:43 of 2nd period - Shot Misses the Net.
6:45 of 2nd period - Slapshot by Cade Fairchild.
6:45 of 2nd period - Stopped by Louis Domingue with a rebound.
6:47 of 2nd period - Slapshot by Ben Hutton.
6:47 of 2nd period - Shot Misses the Net.
7:02 of 2nd period - Wrist shot by Logan Shaw.
7:02 of 2nd period - Stopped by Louis Domingue without a rebound.
7:03 of 2nd period - Eric Tangradi wins face-off versus Radek Faksa in Punishers zone.
7:04 of 2nd period - Snap shot by Anton Lander.
7:04 of 2nd period - Shot Misses the Net.
7:06 of 2nd period - Slapshot by Michael Sdao.
7:06 of 2nd period - Shot Blocked by Jordan Schmaltz.
7:08 of 2nd period - Slapshot by Michael Sdao.
7:08 of 2nd period - Shot Misses the Net.
7:12 of 2nd period - Snap shot by Eric Tangradi.
7:12 of 2nd period - Stopped by Louis Domingue with a rebound.
7:14 of 2nd period - Slapshot by Michael Sdao.
7:14 of 2nd period - Shot Misses the Net.
7:24 of 2nd period - Minor Penalty to Tyler Bertuzzi for Holding.
7:25 of 2nd period - Anton Lander wins face-off versus Miikka Salomaki in Punishers zone.
7:28 of 2nd period - Snap shot by Jonathan Ferland.
7:28 of 2nd period - Goal by Jonathan Ferland - Mulligans : 3 - Punishers : 0.
7:29 of 2nd period - Andreas Athanasiou wins face-off versus Anton Lander in neutral zone.
7:36 of 2nd period - Wrist shot by Garret Ross.
7:36 of 2nd period - Stopped by Juuse Saros with a rebound.
7:38 of 2nd period - Slapshot by Adam Pelech.
7:38 of 2nd period - Shot Misses the Net.
7:40 of 2nd period - Snap shot by Garret Ross.
7:40 of 2nd period - Stopped by Juuse Saros without a rebound.
7:41 of 2nd period - Anton Lander wins face-off versus Garret Ross in Mulligans zone.
7:48 of 2nd period - Snap shot by Eric Tangradi.
7:48 of 2nd period - Shot Misses the Net.
7:50 of 2nd period - Slapshot by Eric Tangradi.
7:50 of 2nd period - Shot Blocked by Adam Pelech.
7:52 of 2nd period - Slapshot by Eric Tangradi.
7:52 of 2nd period - Deflect By Slava Voynov.
7:52 of 2nd period - Shot Misses the Net.
7:52 of 2nd period - Puck is out of play.
7:53 of 2nd period - Jonathan Ferland wins face-off versus Andreas Athanasiou in Punishers zone.
7:54 of 2nd period - Wrist shot by Eric Tangradi.
7:54 of 2nd period - Stopped by Louis Domingue with a rebound.
8:18 of 2nd period - Snap shot by Nikita Gusev.
8:18 of 2nd period - Shot Misses the Net.
9:02 of 2nd period - Snap shot by Anton Lander.
9:02 of 2nd period - Shot Misses the Net.
9:04 of 2nd period - Slapshot by Eric Tangradi.
9:04 of 2nd period - Shot Misses the Net.
9:06 of 2nd period - Slapshot by Cody Goloubef.
9:06 of 2nd period - Stopped by Louis Domingue with a rebound.
9:20 of 2nd period - Slapshot by Eric Tangradi.
9:20 of 2nd period - Stopped by Louis Domingue without a rebound.
9:21 of 2nd period - Andreas Athanasiou wins face-off versus Maxime Macenauer in Punishers zone.
9:27 of 2nd period - Off-side.
9:28 of 2nd period - Maxime Macenauer wins face-off versus Andreas Athanasiou in neutral zone.
9:43 of 2nd period - Slapshot by Matt Beleskey.
9:43 of 2nd period - Shot Misses the Net.
9:49 of 2nd period - Matt Beleskey is hit by Andreas Athanasiou and loses puck.
10:02 of 2nd period - Snap shot by Miikka Salomaki.
10:02 of 2nd period - Stopped by Juuse Saros without a rebound.
10:03 of 2nd period - Radek Faksa wins face-off versus Sam Bennett in Mulligans zone.
10:06 of 2nd period - Wrist shot by Tyler Bertuzzi.
10:06 of 2nd period - Shot Blocked by Dalton Thrower.
10:16 of 2nd period - Wrist shot by Carter Ashton.
10:16 of 2nd period - Shot Blocked by Sven Baertschi.
10:18 of 2nd period - Wrist shot by Radek Faksa.
10:18 of 2nd period - Goal by Radek Faksa - Mulligans : 3 - Punishers : 1.
10:19 of 2nd period - Anton Lander wins face-off versus Garret Ross in neutral zone.
10:29 of 2nd period - Slapshot by Adam Pelech.
10:29 of 2nd period - Deflect By Jonathan Ferland.
10:29 of 2nd period - Goal by Adam Pelech - Mulligans : 3 - Punishers : 2.
10:30 of 2nd period - Andreas Athanasiou wins face-off versus Anton Lander in neutral zone.
10:38 of 2nd period - Wrist shot by Garret Ross.
10:38 of 2nd period - Goal by Garret Ross - Mulligans : 3 - Punishers : 3.
10:39 of 2nd period - Anton Lander wins face-off versus Andreas Athanasiou in neutral zone.
11:06 of 2nd period - Tyler Bertuzzi is hit by Logan Shaw and loses puck.
11:58 of 2nd period - Minor Penalty to Daniel Audette for Hooking.
11:59 of 2nd period - Miikka Salomaki wins face-off versus Anton Lander in Punishers zone.
12:25 of 2nd period - Adam Pelech is hit by Sam Bennett.
12:29 of 2nd period - Slapshot by Andreas Athanasiou.
12:29 of 2nd period - Shot Misses the Net.
12:45 of 2nd period - Snap shot by Garret Ross.
12:45 of 2nd period - Shot Blocked by Eric Tangradi.
13:58 of 2nd period - Penalty to Daniel Audette is over, Daniel Audette is back on ice.
14:14 of 2nd period - Snap shot by Austen Brassard.
14:14 of 2nd period - Shot Blocked by Darren Dietz.
15:08 of 2nd period - Darren Dietz is hit by Jordan Schmaltz and loses puck.
15:29 of 2nd period - Sven Baertschi is hit by Carter Ashton and loses puck.
15:50 of 2nd period - Ben Hutton is hit by Daniel Audette and loses puck.
16:07 of 2nd period - Austen Brassard is hit by Drayson Bowman and loses puck.
16:21 of 2nd period - Dalton Thrower is hit by Radek Faksa and loses puck.
16:22 of 2nd period - Dalton Thrower from Mulligans is injured at 16:22 of 2nd period (Strained Right Knee).
16:23 of 2nd period - Andreas Athanasiou wins face-off versus Anton Lander in Mulligans zone.
16:34 of 2nd period - Wrist shot by Garret Ross.
16:34 of 2nd period - Deflect By Miikka Salomaki.
16:34 of 2nd period - Shot Misses the Net.
16:34 of 2nd period - Puck is out of play.
16:35 of 2nd period - Anton Lander wins face-off versus Andreas Athanasiou in Mulligans zone.
17:02 of 2nd period - Icing by Adam Pelech.
17:03 of 2nd period - Radek Faksa wins face-off versus Maxime Macenauer in Punishers zone.
17:12 of 2nd period - Wrist shot by Maxime Macenauer.
17:12 of 2nd period - Stopped by Louis Domingue without a rebound.
17:13 of 2nd period - Andreas Athanasiou wins face-off versus Anton Lander in Punishers zone.
17:22 of 2nd period - Wrist shot by Eric Tangradi.
17:22 of 2nd period - Shot Misses the Net.
17:24 of 2nd period - Slapshot by Eric Tangradi.
17:24 of 2nd period - Shot Misses the Net.
19:13 of 2nd period - Joonas Donskoi is hit by Adam Pelech and loses puck.
Goals for this period are 1 for Mulligans vs 3 for Punishers.
Shots for this period are 8 for Mulligans vs 12 for Punishers.
3rd period
0:01 of 3rd period - Anton Lander wins face-off versus Andreas Athanasiou in neutral zone.
0:14 of 3rd period - Snap shot by Eric Tangradi.
0:14 of 3rd period - Shot Misses the Net.
0:16 of 3rd period - Snap shot by Eric Tangradi.
0:16 of 3rd period - Stopped by Louis Domingue without a rebound.
0:17 of 3rd period - Maxime Macenauer wins face-off versus Radek Faksa in Punishers zone.
0:45 of 3rd period - Slapshot by Slava Voynov.
0:45 of 3rd period - Deflect By Miikka Salomaki.
0:45 of 3rd period - Deflect By Cody Goloubef.
0:45 of 3rd period - Shot Misses the Net.
0:45 of 3rd period - Puck is out of play.
0:46 of 3rd period - Anton Lander wins face-off versus Andreas Athanasiou in Mulligans zone.
0:51 of 3rd period - Snap shot by Garret Ross.
0:51 of 3rd period - Shot Blocked by Robbie Russo.
0:53 of 3rd period - Wrist shot by Madison Bowey.
0:53 of 3rd period - Stopped by Juuse Saros with a rebound.
0:55 of 3rd period - Slapshot by Garret Ross.
0:55 of 3rd period - Stopped by Juuse Saros with a rebound.
0:57 of 3rd period - Slapshot by Madison Bowey.
0:57 of 3rd period - Stopped by Juuse Saros with a rebound.
0:59 of 3rd period - Snap shot by Garret Ross.
0:59 of 3rd period - Stopped by Juuse Saros with a rebound.
1:44 of 3rd period - Snap shot by Tyler Bertuzzi.
1:44 of 3rd period - Shot Blocked by Michael Sdao.
2:14 of 3rd period - Michael Sdao is hit by Garret Ross.
2:42 of 3rd period - Slapshot by Drayson Bowman.
2:42 of 3rd period - Stopped by Louis Domingue without a rebound.
2:43 of 3rd period - Maxime Macenauer wins face-off versus Radek Faksa in Punishers zone.
3:08 of 3rd period - Ben Hutton is hit by Slava Voynov and loses puck.
3:59 of 3rd period - Icing by Tyler Bertuzzi.
4:00 of 3rd period - Anton Lander wins face-off versus Radek Faksa in Punishers zone.
4:03 of 3rd period - Slapshot by Eric Tangradi.
4:03 of 3rd period - Stopped by Louis Domingue with a rebound.
4:11 of 3rd period - Wrist shot by Jonathan Ferland.
4:11 of 3rd period - Stopped by Louis Domingue with a rebound.
4:13 of 3rd period - Slapshot by Michael Sdao.
4:13 of 3rd period - Stopped by Louis Domingue with a rebound.
4:15 of 3rd period - Snap shot by Michael Sdao.
4:15 of 3rd period - Deflect By Radek Faksa.
4:15 of 3rd period - Stopped by Louis Domingue without a rebound.
4:16 of 3rd period - Matt Beleskey wins face-off versus Andreas Athanasiou in Punishers zone.
4:21 of 3rd period - Wrist shot by Matt Beleskey.
4:21 of 3rd period - Shot Blocked by Adam Pelech.
4:43 of 3rd period - Michael Sdao is hit by Carter Ashton and loses puck.
5:04 of 3rd period - Wrist shot by John Quenneville.
5:04 of 3rd period - Goal by John Quenneville - Mulligans : 3 - Punishers : 4.
5:05 of 3rd period - Jonathan Ferland wins face-off versus Andreas Athanasiou in neutral zone.
5:30 of 3rd period - Cody Goloubef is hit by John Quenneville.
5:34 of 3rd period - Maxime Macenauer is hit by John Quenneville and loses puck.
6:20 of 3rd period - John Macfarland is hit by Ben Hutton.
6:52 of 3rd period - Ben Hutton is hit by Jordan Schmaltz and loses puck.
7:21 of 3rd period - Snap shot by Sven Baertschi.
7:21 of 3rd period - Shot Blocked by Carter Ashton.
8:23 of 3rd period - Wrist shot by John Quenneville.
8:23 of 3rd period - Stopped by Juuse Saros without a rebound.
8:24 of 3rd period - Maxime Macenauer wins face-off versus John Quenneville in Mulligans zone.
8:53 of 3rd period - Icing by Radek Faksa.
8:54 of 3rd period - Radek Faksa wins face-off versus Anton Lander in Punishers zone.
8:59 of 3rd period - Backhand shot by Anton Lander.
8:59 of 3rd period - Shot Misses the Net.
9:05 of 3rd period - Snap shot by Jonathan Ferland.
9:05 of 3rd period - Shot Blocked by Dylan DeMelo.
9:07 of 3rd period - Snap shot by Jonathan Ferland.
9:07 of 3rd period - Shot Blocked by Ben Betker.
9:11 of 3rd period - Wrist shot by Anton Lander.
9:11 of 3rd period - Stopped by Louis Domingue with a rebound.
9:15 of 3rd period - Slapshot by Anton Lander.
9:15 of 3rd period - Shot Misses the Net.
9:17 of 3rd period - Snap shot by Anton Lander.
9:17 of 3rd period - Shot Blocked by Radek Faksa.
9:25 of 3rd period - Slapshot by Anton Lander.
9:25 of 3rd period - Shot Blocked by Dylan DeMelo.
9:27 of 3rd period - Snap shot by Jonathan Ferland.
9:27 of 3rd period - Stopped by Louis Domingue with a rebound.
9:29 of 3rd period - Slapshot by Robbie Russo.
9:29 of 3rd period - Shot Blocked by Dylan DeMelo.
9:31 of 3rd period - Snap shot by Jonathan Ferland.
9:31 of 3rd period - Shot Misses the Net.
9:49 of 3rd period - Wrist shot by Radek Faksa.
9:49 of 3rd period - Shot Misses the Net.
10:05 of 3rd period - Slapshot by Carter Ashton.
10:05 of 3rd period - Stopped by Juuse Saros without a rebound.
10:06 of 3rd period - Maxime Macenauer wins face-off versus Andreas Athanasiou in Mulligans zone.
10:14 of 3rd period - Off-side.
10:15 of 3rd period - Andreas Athanasiou wins face-off versus Maxime Macenauer in neutral zone.
10:29 of 3rd period - Garret Ross is hit by Michael Sdao and loses puck.
11:05 of 3rd period - Off-side.
11:06 of 3rd period - John Quenneville wins face-off versus Sam Bennett in neutral zone.
11:33 of 3rd period - Anton Lander is hit by Michael Joly.
12:19 of 3rd period - Wrist shot by Drayson Bowman.
12:19 of 3rd period - Shot Misses the Net.
12:38 of 3rd period - John Macfarland is hit by Sven Baertschi and loses puck.
12:54 of 3rd period - Minor Penalty to Michael Joly for Interference.
12:55 of 3rd period - Anton Lander wins face-off versus Miikka Salomaki in Punishers zone.
14:54 of 3rd period - Penalty to Michael Joly is over, Michael Joly is back on ice.
15:07 of 3rd period - Wrist shot by Maxime Macenauer.
15:07 of 3rd period - Goal by Maxime Macenauer - Mulligans : 4 - Punishers : 4.
15:08 of 3rd period - Andreas Athanasiou wins face-off versus Maxime Macenauer in neutral zone.
15:15 of 3rd period - Snap shot by Miikka Salomaki.
15:15 of 3rd period - Shot Misses the Net.
15:17 of 3rd period - Slapshot by Miikka Salomaki.
15:17 of 3rd period - Stopped by Juuse Saros with a rebound.
15:19 of 3rd period - Slapshot by Jordan Schmaltz.
15:19 of 3rd period - Stopped by Juuse Saros with a rebound.
16:17 of 3rd period - Snap shot by Drayson Bowman.
16:17 of 3rd period - Shot Misses the Net.
16:19 of 3rd period - Slapshot by Michael Sdao.
16:19 of 3rd period - Stopped by Louis Domingue with a rebound.
16:43 of 3rd period - Slapshot by Cody Goloubef.
16:43 of 3rd period - Deflect By Maxime Macenauer.
16:43 of 3rd period - Stopped by Louis Domingue with a rebound.
16:55 of 3rd period - Backhand shot by Nikita Gusev.
16:55 of 3rd period - Stopped by Juuse Saros with a rebound.
16:57 of 3rd period - Snap shot by Nikita Gusev.
16:57 of 3rd period - Stopped by Juuse Saros with a rebound.
16:59 of 3rd period - Snap shot by Nikita Gusev.
16:59 of 3rd period - Stopped by Juuse Saros without a rebound.
17:00 of 3rd period - John Quenneville wins face-off versus Sam Bennett in Mulligans zone.
17:25 of 3rd period - Darren Dietz is hit by Adam Pelech and loses puck.
17:50 of 3rd period - Nikita Gusev is hit by Michael Sdao and loses puck.
18:31 of 3rd period - Wrist shot by John Quenneville.
18:31 of 3rd period - Shot Misses the Net.
19:19 of 3rd period - Wrist shot by Sven Baertschi.
19:19 of 3rd period - Stopped by Louis Domingue with a rebound.
Goals for this period are 1 for Mulligans vs 1 for Punishers.
Shots for this period are 12 for Mulligans vs 12 for Punishers.
Overtime #1
0:01 of 1st overtime period - Miikka Salomaki wins face-off versus Anton Lander in neutral zone.
0:04 of 1st overtime period - Slapshot by Adam Pelech.
0:04 of 1st overtime period - Shot Blocked by Cody Goloubef.
0:44 of 1st overtime period - Snap shot by Carter Ashton.
0:44 of 1st overtime period - Goal by Carter Ashton - Mulligans : 4 - Punishers : 5.
Goals for this period are 0 for Mulligans vs 1 for Punishers.
Shots for this period are 0 for Mulligans vs 1 for Punishers.
Back to the Top